 Dungeon Crawl Stone Soup version 0.18-a0-1628-g61c6396 (webtiles) character file.

291 Oddball22 the Insei (level 6, 0/48 HPs)
             Began as a Demonspawn Monk on Mar 25, 2016.
             Killed by divine providence
             ... invoked by an orc priest
              (13 damage)
             ... on level 4 of the Dungeon.
             The game lasted 00:09:08 (4724 turns).

Oddball22 the Insei (Demonspawn Monk)               Turns: 4724, Time: 00:09:08

Health: 0/48       AC:  4    Str: 17    XL:     6   Next: 10%
Magic:  6/6        EV: 14    Int: 12    God:
Gold:   297        SH:  0    Dex: 17    Spells: 0 memorised, 5 levels left

rFire  . . .     SeeInvis .     p - +2 dagger (drain)
rCold  . . .     Gourm    .     a - +0 robe
rNeg   . . .     Faith    .     (no shield)
rPois  .         Spirit   .     r - +0 helmet
rElec  .         Dismiss  .     (no cloak)
rCorr  .         Reflect  .     (no gloves)
SustAt .         Harm     .     s - +0 pair of boots
MR     .....                    (no amulet)
Stlth  ++........               (no ring)
                                t - +4 ring of strength

@: drained, not resistant to hostile enchantments, unstealthy
A: claws 2, thin skeletal structure 1
a: no special abilities


You were on level 4 of the Dungeon.
You were very hungry.

You visited 1 branch of the dungeon, and saw 4 of its levels.

You collected 297 gold pieces.

Inventory:

Hand Weapons
 o - a +2 dagger of freezing
 p - a +2 dagger of draining (weapon)
Armour
 a - a +0 robe (worn)
 r - a +0 helmet (worn)
 s - a +0 pair of boots (worn)
Jewellery
 t - a +4 ring of strength (left claw)
Scrolls
 c - 2 scrolls of fog {unknown}
 d - 3 scrolls of enchant armour {unknown}
 e - 2 scrolls of magic mapping {unknown}
 f - 5 scrolls of identify
 h - 6 scrolls of remove curse {unknown}
 i - a scroll of random uselessness {unknown}
 k - 4 scrolls of teleportation {unknown}
 l - 2 scrolls of amnesia {unknown}
 q - 2 scrolls of immolation {unknown}
Potions
 g - 4 potions of curing {unknown}
 m - a potion of magic {unknown}
 u - a potion of degeneration {unknown}
 w - a potion of agility {unknown}
 x - a potion of lignification {unknown}
 z - a potion of haste {unknown}
Comestibles
 b - 2 bread rations
 n - 3 meat rations
 A - a beef jerky


   Skills:
 + Level 4.3(3.9) Fighting
 + Level 3.6(3.2) Dodging
 - Level 1.7(1.3) Stealth
 * Level 5.5(5.1) Unarmed Combat


You had 5 spell levels left.
You didn't know any spells.

Dungeon Overview and Level Annotations

Branches:
Dungeon (4/15)
 Temple: D:4-7

Altars:
Ashenzari
Elyvilon
Fedhas
Makhleb
Okawaru
Trog

Shops:
D:4 =}[*[


Innate Abilities, Weirdness & Mutations

You have very sharp fingernails.
You have a somewhat thin skeletal structure (Dex +2, Stealth).


Message History

You hit the orc but do no damage. The orc hits you with a whip.
You hit the orc.
The orc is heavily wounded.
The orc hits you but does no damage. The orc hits you with a whip.
The orc priest mumbles some strange prayers to Beogh against you.
Pain shoots through your body!
You climb downwards.
There is a stone staircase leading up here.
You hit the orc.
You kill the orc!
The orc priest calls down the wrath of Beogh upon you.
Beogh smites you!
* * * LOW HITPOINT WARNING * * *
You hit the orc priest but do no damage.
You drain the orc priest!
The orc priest is moderately wounded.
The orc priest mumbles some strange prayers to Beogh against you.
Beogh smites you!
You die...

####.####.###.# #.#
#.####.# #.# #.#
#.##...# #.# #.#
#.##.#####.######.#
#.......##........##
#.......##.#####....
#.......#...## #..##
#.).......#..# #..##
#..@....#....# #..>.
#.o.....##.#.###..##
#.......##......∩.##
####................
#############.##.
#<##[ #.##. #....
#####


You could see an orc priest.

Vanquished Creatures
  A howler monkey (D:4)
  A hound (D:2)
  A centaur skeleton (D:4)
  A worker ant (D:4)
  Robin (D:2)
  2 adders
  2 oozes
  An adder skeleton (D:4)
  2 worms
  4 dart slugs
  7 giant geckos
  7 orcs
  6 bats
  5 giant cockroaches
  13 goblins
  11 hobgoblins
  10 jackals
  A quokka (D:3)
  A giant newt (D:1)
  10 kobolds
  10 rats
97 creatures vanquished.

Vanquished Creatures (others)
  A quokka (D:3)
  A ball python (D:3)
2 creatures vanquished.

Grand Total: 99 creatures vanquished

Notes
Turn   | Place    | Note
--------------------------------------------------------------
     0 | D:1      | Oddball22 the Demonspawn Monk began the quest for the Orb.
     0 | D:1      | Reached XP level 1. HP: 18/18 MP: 1/1
    87 | D:1      | Gained mutation: You have a somewhat thin skeletal structure (Dex +2, Stealth). [demonic ancestry]
    87 | D:1      | Reached XP level 2. HP: 24/24 MP: 2/2
   132 | D:1      | Reached skill level 4 in Unarmed Combat
   482 | D:1      | Reached XP level 3. HP: 22/29 MP: 3/3
  1684 | D:2      | Found a shattered altar of Ashenzari.
  1778 | D:2      | Found an iron altar of Okawaru.
  1820 | D:2      | Found a blossoming altar of Fedhas.
  1848 | D:2      | Found a burning altar of Makhleb.
  1866 | D:2      | Reached XP level 4. HP: 16/36 MP: 4/4
  2242 | D:2      | Noticed Robin
  2270 | D:2      | Killed Robin
  2768 | D:3      | Found a white marble altar of Elyvilon.
  2978 | D:3      | Reached skill level 5 in Unarmed Combat
  2989 | D:3      | Gained mutation: You have sharp fingernails. [demonic ancestry]
  2989 | D:3      | Reached XP level 5. HP: 42/42 MP: 5/5
  3975 | D:4      | Found Tomyopn's Antique Armour Boutique.
  3978 | D:4      | Found Soget's Gadget Emporium.
  4206 | D:4      | Found a bloodstained altar of Trog.
  4220 | D:4      | Found Curher's Assorted Antiques.
  4243 | D:4      | Found Paustrac's Antique Armour Boutique.
  4438 | D:4      | Found Xoulitug's Jewellery Emporium.
  4463 | D:4      | Gained mutation: You have very sharp fingernails. [demonic ancestry]
  4463 | D:4      | Reached XP level 6. HP: 27/48 MP: 6/6
  4724 | D:4      | Killed from afar by an orc priest

Vault maps used:
D:1:      minmay_arrival_split_and_join, corexii_item_surrounded_by_moat
D:2:      makhleb_heckhound_becter, evilmike_ruin_ashenzari, lemuel_round_altar,
          lemuel_coloured_pillars_altar, uniq_robin
D:3:      elyvilon_altar_4, first_bread
D:4:      serial_shops, nicolae_shop_statue_plus, shop,
          nicolae_shop_statue_plus, shop, shop, trog_three_pillars_becter

Skill      XL: |  1  2  3  4  5 |
---------------+----------------+-----
Unarmed Combat | 4 5 |  5.5
Dodging        | 3 |  3.6
Fighting       | 4 |  4.3
Stealth        | |  1.7

Action                   |  1- 3 |  4- 6 || total
-------------------------+-------+-------++-------
Melee: Unarmed           |   141 |    55 ||   196
       Dagger            |       |   151 ||   151
  Use: Potion            |     1 |       ||     1
       Scroll            |     1 |       ||     1
 Stab: Sleeping          |     5 |    10 ||    15
       Distracted        |       |     1 ||     1
  Eat: Chunk             |     3 |     8 ||    11
